AoeStats
← miguelon01

Arabia

509614016Analyzed
1v1 RM · 5d ago on Sep 27, 2026· 32m 40s· 2 players
Game mode
Random Map
Map size
Tiny (2 player)
Population
200
Speed
Normal
Resources
Standard
Victory
Conquest
Starting age
Dark Age
Ending age
Imperial Age
RankedLock teamsTeams togetherTeam positionsShared explorationLock speedFull tech treeHidden civsTurbo modeCheats
Victory
Defeat
🇫🇷 Franks · France
982
+16
🇧🇷 Lithuanians · Brazil
975
-16
miguelon01
12:26 Feudal Age
14:26 Loom
16:53 Double-Bit Axe
18:16 Forging
17:58 Fletching
18:49 Horse Collar
23:19 Padded Archer Armor
23:19 Scale Mail Armor
25:41 Castle Age
26:01 Elite Skirmisher
28:16 Pikeman
30:16 Bloodlines
29:27 Light Cavalry
KiKiBigoudI
6:21 Loom
9:54 Feudal Age
11:08 Double-Bit Axe
17:11 Fletching
21:52 Castle Age
21:12 Scale Mail Armor
21:22 Stone Mining
21:36 Gold Mining
26:29 Wheelbarrow
27:19 Husbandry
28:32 Scale Barding Armor
29:49 Forging
30:42 Chain Mail Armor
31:15 Squires
30:35 Pikeman
Connection lost

Rejoining the realm…

Still unreachable

The connection could not be restored.

Session expired

The server has moved on; the page needs a fresh start.